 Dungeon Sprint DCSS version 0.30-a0-297-g0ec75d9ef4 (webtiles) character file.

Game seed: 13777030009359223044

18089 Iusername the Executioner (level 12, 0/130 HPs)
             Began as a Minotaur Fighter on Oct 18, 2022.
             Was the Champion of Trog.
             Slain by Sonja
             ... wielding a +2 short sword of distortion
              (2 damage)
             ... in the Dungeon (Sprint IX: "|||||||||||||||||||||||||||||").
             The game lasted 00:11:35 (3513 turns).

Iusername the Executioner (Minotaur Fighter)        Turns: 3513, Time: 00:11:37

Health: 0/130      AC: 25    Str: 31    XL:     12   Next: 24%
Magic:  11/11      EV:  7    Int:  5    God:    Trog [******]
Gold:   701        SH:  0    Dex: 11    Spells: 11/11 levels left

rFire   . . .      SeeInvis .    q - +5 broad axe (flame)
rCold   . . .      Faith    .    (no shield)
rNeg    . . .      Spirit   .    s - +0 plate armour
rPois   .          Reflect  .    (helmet restricted)
rElec   .          Harm     .    d - +0 cloak
rCorr   .          Rampage  .    i - +0 pair of gloves
Will    .....      NoTele   +    a - +0 pair of boots
Stlth   ..........               (no amulet)
HPRegen 0.41/turn                n - +2 ring of protection
MPRegen 0.12/turn                c - ring "Reummong" {Str+6 Stlth+}

@: grasped by roots, on berserk cooldown, slowed, constricted, very slow
A: horns 2, retaliatory headbutt
a: Renounce Religion, Berserk, Trog's Hand, Brothers in Arms


You were in the Dungeon.
You worshipped Trog.
Trog was exalted by your worship.
You visited 1 branch You collected 1377 gold pieces.
You spent 676 gold pieces at shops.

Inventory:

Hand Weapons
 l - a +3 war axe of venom
 q - a +5 broad axe of flaming (weapon)
Armour
 a - a +0 pair of boots (worn)
 d - a +0 cloak (worn)
 i - a +0 pair of gloves (worn)
 m - a +5 chain mail
 s - a +0 plate armour (worn)
Jewellery
 c - the ring "Reummong" (right hand) {Str+6 Stlth+}
   (You bought it in a shop in the Dungeon)

   [ring of strength]

   Str:       It affects your strength (+6).
   Stlth:     It makes you more stealthy.
 n - a +2 ring of protection (left hand)
 o - a +2 ring of evasion
Wands
 k - a wand of roots (10)
Scrolls
 f - a scroll of vulnerability
 g - a scroll of magic mapping
 j - a scroll of blinking
Potions
 e - 5 potions of curing
 h - 4 potions of magic


   Skills:
 + Level 19.6 Fighting
 + Level 21.5 Axes
 + Level 18.5 Armour
 + Level 5.1 Dodging
 + Level 5.3 Stealth
 + Level 13.6 Shields


You had 11 spell levels left.
You didn't know any spells.
Your spell library was empty.

Dungeon Overview and Level Annotations

Branches:
Dungeon (1/1)

Altars:
Cheibriados
Dithmenos
Elyvilon
Fedhas
Gozag
Hepliaklqana
Kikubaaqudgha
Makhleb
Nemelex Xobeh
Okawaru
Qazlal
Ru
Sif Muna
Trog
Uskayaw
Vehumet
Wu Jian
Xom
Yredelemnul
Zin
The Shining One
Jiyva
Lugonu

Shops:
D :=!*

Annotations:
D Sonja


Innate Abilities, Weirdness & Mutations

You have a pair of horns on your head.
You reflexively headbutt those who attack you in melee.


Message History

* * * LOW HITPOINT WARNING * * *
Blink to where?
Press: ? - help, Dir - move target You escape the roots grasp.
As you read the scroll of blinking, it crumbles to dust.
Sonja barely misses you. Sonja closely misses you.
Sonja hits you but does no damage.
Sonja mumbles some strange words.
Sonja blinks!
As you read the scroll of fog, it crumbles to dust.
The scroll dissolves into smoke.
You start resting.
Sonja casts a spell.
Sonja blinks!
You start resting.
Sonja mumbles some strange words.
Sonja blinks!
You start resting.
Sonja is nearby!
Sonja is nearby!
Sonja is nearby!
Sonja is nearby!
Sonja is nearby!
Sonja is nearby!
Sonja says, "I'm academy-trained, you know."
Sonja zaps a wand.
The roots erupt in riotous growth!
The grasping roots grab you!
Sonja is unaffected.
The grasping roots constrict you. Sonja hits you but does no damage.
Sonja closely misses you. Sonja hits you but does no damage.
Space warps around you.
* * * LOW HITPOINT WARNING * * *
The grasping roots constrict you.
You barely miss Sonja.
Sonja is moderately wounded.
Sonja hits you but does no damage. Space warps horribly around you!
* * * LOW HITPOINT WARNING * * *
Sonja hits you with a +2 short sword of distortion.
* * * LOW HITPOINT WARNING * * *
Space warps around you.
You die...

▓.▓.▓'▓.▓.▓.▓
▓.▓.▓.▓.▓.▓K▓
▓.▓.▓.▓.▓.▓.▓
▓.▓.▓[▓.▓.▓.▓
▓)▓.▓[▓.▓.▓§▓
▓)▓.▓.▓.▓'▓.▓
▓.▓.▓.▓.▓.▓.▓
▓.▓.▓.▓.▓.▓K▓
▓.▓.▓.▓.▓.▓@▓
▓)▓.▓'▓.▓.▓§▓
▓)▓.▓.▓.▓.▓§▓
▓.▓.▓)▓.▓∩▓§▓
▓'▓.▓)▓.▓[▓§▓
▓[▓.▓[▓.▓∩▓.▓
▓.▓.▓.▓.▓[▓.▓
▓.▓.▓.▓.▓∩▓.▓
▓[▓.▓.▓.▓[▓.▓


You could see Sonja.

Vanquished Creatures
  Josephine (D)
  A hydra (D)
  A catoblepas (D)
  A boulder beetle (D)
  A centaur warrior (D)
  4 death yaks (D)
  A skeletal warrior (D)
  4 orc knights (D)
  9 orc sorcerers (D)
  A slime creature (D)
  An elephant (D)
  Joseph (D)
  A black mamba (D)
  2 cane toads (D)
  2 komodo dragons (D)
  2 rime drakes (D)
  Psyche (D)
  A polar bear (D)
  A troll (D)
  A blink frog (D)
  3 wraiths (D)
  6 yaks (D)
  A shadow (D)
  A basilisk (D)
  4 water moccasins (D)
  7 orc warriors (D)
  A wolf (D)
  A bullfrog (D)
  3 orc priests (D)
  A hound (D)
  3 jellies (D)
  An iguana (D)
  9 orc wizards (D)
  5 orcs (D)
  An endoplasm (D)
  2 hobgoblins (D)
  A ball python (D)
  A frilled lizard (D)
88 creatures vanquished.

Vanquished Creatures (collateral kills)
  An orc priest (D)
1 creature vanquished.

Vanquished Creatures (others)
  2 orc wizards (D)
2 creatures vanquished.

Grand Total: 91 creatures vanquished

Notes
Turn   | Place    | Note
-------+----------+-------------------------------------------
     0 | D        | Iusername the Minotaur Fighter began the quest for the Orb.
     0 | D        | Reached XP level 1. HP: 19/19 MP: 0/0
    20 | D        | Noticed an iguana
    20 | D        | Noticed a hound
    20 | D        | Noticed a jelly
    20 | D        | Noticed a jelly
    20 | D        | Noticed a jelly
    23 | D        | Killed a jelly
    24 | D        | Reached skill level 5 in Fighting
    24 | D        | Reached skill level 4 in Axes
    24 | D        | Reached skill level 5 in Armour
    24 | D        | Reached skill level 5 in Shields
    24 | D        | Reached XP level 2. HP: 24/29 MP: 1/1
    24 | D        | Reached XP level 3. HP: 30/36 MP: 2/2
    28 | D        | Reached skill level 5 in Axes
    28 | D        | Reached XP level 4. HP: 23/45 MP: 3/3
    31 | D        | Reached skill level 6 in Axes
    31 | D        | Reached XP level 5. HP: 19/52 MP: 4/4
   446 | D        | Found a snail-covered altar of Cheibriados.
   446 | D        | Found a shadowy altar of Dithmenos.
   446 | D        | Found a white marble altar of Elyvilon.
   446 | D        | Found a blossoming altar of Fedhas.
   446 | D        | Found an opulent altar of Gozag.
   447 | D        | Found a hazy altar of Hepliaklqana.
   448 | D        | Found a viscous altar of Jiyva.
   449 | D        | Found an ancient bone altar of Kikubaaqudgha.
   450 | D        | Found a corrupted altar of Lugonu.
   451 | D        | Found a burning altar of Makhleb.
   452 | D        | Found a sparkling altar of Nemelex Xobeh.
   453 | D        | Found an iron altar of Okawaru.
   454 | D        | Found a stormy altar of Qazlal.
   455 | D        | Found a sacrificial altar of Ru.
   456 | D        | Found a shimmering blue altar of Sif Muna.
   457 | D        | Found a bloodstained altar of Trog.
   458 | D        | Found a hide-covered altar of Uskayaw.
   459 | D        | Found a radiant altar of Vehumet.
   460 | D        | Found an ornate altar of the Wu Jian Council.
   461 | D        | Found a shimmering altar of Xom.
   462 | D        | Found a basalt altar of Yredelemnul.
   463 | D        | Found a glowing silver altar of Zin.
   464 | D        | Found a glowing golden altar of the Shining One.
   465 | D        | Became a worshipper of Trog the Wrathful
   512 | D        | Noticed a yak
   512 | D        | Noticed a yak
   512 | D        | Noticed a troll
   512 | D        | Noticed a shadow
   516 | D        | Killed a shadow
   517 | D        | Reached skill level 8 in Axes
   517 | D        | Reached XP level 6. HP: 62/62 MP: 5/5
   518 | D        | Reached * piety under Trog
   523 | D        | Killed a troll
   524 | D        | Reached skill level 10 in Axes
   524 | D        | Reached skill level 1 in Dodging
   524 | D        | Reached XP level 7. HP: 46/71 MP: 6/6
   534 | D        | Reached skill level 10 in Fighting
   536 | D        | Killed a yak
   536 | D        | Reached ** piety under Trog
   537 | D        | Reached skill level 10 in Armour
   538 | D        | Killed a yak
   539 | D        | Reached skill level 11 in Axes
   698 | D        | Noticed a five-headed hydra
   698 | D        | Noticed a slime creature
   698 | D        | Noticed a slime creature
   698 | D        | Noticed a boulder beetle
   698 | D        | Noticed a centaur warrior
   698 | D        | Noticed a skeletal warrior
   709 | D        | Killed a skeletal warrior
   710 | D        | Reached skill level 13 in Axes
   710 | D        | Reached skill level 10 in Shields
   710 | D        | Reached XP level 8. HP: 83/83 MP: 7/7
   713 | D        | Killed a centaur warrior
   714 | D        | Reached skill level 14 in Axes
   722 | D        | Killed a boulder beetle
   722 | D        | Reached *** piety under Trog
   723 | D        | Reached skill level 15 in Axes
   723 | D        | Reached XP level 9. HP: 70/93 MP: 8/8
   731 | D        | Killed a large slime creature
   732 | D        | Reached skill level 16 in Axes
   740 | D        | HP: 3/93 [nine-headed hydra (9)]
   744 | D        | Killed a 13-headed hydra
   745 | D        | Reached skill level 1 in Stealth
  1434 | D        | Noticed a komodo dragon
  1435 | D        | Noticed a rime drake
  1446 | D        | Noticed a black mamba
  1449 | D        | Killed a komodo dragon
  1449 | D        | Reached **** piety under Trog
  1450 | D        | Reached skill level 17 in Axes
  1453 | D        | Reached XP level 10. HP: 92/103 MP: 9/9
  1469 | D        | Reached ***** piety under Trog
  1473 | D        | Killed a black mamba
  1474 | D        | Noticed an elephant
  1482 | D        | Killed an elephant
  1755 | D        | Noticed a cane toad
  1762 | D        | Reached skill level 15 in Fighting
  1762 | D        | Reached skill level 18 in Axes
  1763 | D        | Noticed a cane toad
  1766 | D        | Reached skill level 15 in Armour
  1773 | D        | Received a gift from Trog
  1777 | D        | Killed a cane toad
  1786 | D        | Killed a cane toad
  2097 | D        | Noticed a death yak
  2097 | D        | Noticed a death yak
  2097 | D        | Noticed a death yak
  2100 | D        | Noticed a death yak
  2105 | D        | Killed a death yak
  2114 | D        | Killed a death yak
  2115 | D        | Reached XP level 11. HP: 114/114 MP: 10/10
  2120 | D        | Killed a death yak
  2121 | D        | Reached skill level 19 in Axes
  2125 | D        | Killed a death yak
  2125 | D        | Received a gift from Trog
  2135 | D        | Reached ****** piety under Trog
  2140 | D        | Noticed a catoblepas
  2156 | D        | Killed a catoblepas
  2157 | D        | Reached skill level 5 in Stealth
  2409 | D        | Noticed Psyche
  2411 | D        | Noticed Joseph
  2419 | D        | Killed Psyche
  2424 | D        | Killed Joseph
  2554 | D        | Noticed Josephine
  2564 | D        | Killed Josephine
  2573 | D        | Reached skill level 5 in Dodging
  2623 | D        | Noticed an orc knight
  2628 | D        | Reached skill level 20 in Axes
  2640 | D        | Killed an orc knight
  2640 | D        | Identified the +8 war axe of Mastery {vorpal, rC+ Will+
                  | Stlth+} (Trog gifted it to you in the Dungeon)
  2640 | D        | Received a gift from Trog
  2644 | D        | Noticed an orc knight
  2659 | D        | Killed an orc knight
  2659 | D        | Identified the +4 hand axe of False Hope {flame, Fly rF+
                  | Str+3 Stlth+} (Trog gifted it to you in the Dungeon)
  2659 | D        | Received a gift from Trog
  2809 | D        | Noticed an orc sorcerer
  2818 | D        | Received a gift from Trog
  2820 | D        | Noticed an orc knight
  2829 | D        | Killed an orc sorcerer
  2830 | D        | Noticed an orc knight
  2841 | D        | Killed an orc knight
  2856 | D        | Killed an orc knight
  2860 | D        | Received a gift from Trog
  3165 | D        | Found Qisuoceh's Assorted Antiques.
  3165 | D        | Noticed an orc sorcerer
  3165 | D        | Noticed an orc sorcerer
  3165 | D        | Noticed an orc sorcerer
  3166 | D        | Noticed an orc sorcerer
  3167 | D        | Noticed a sun demon
  3169 | D        | Killed an orc sorcerer
  3179 | D        | Killed an orc sorcerer
  3180 | D        | Reached skill level 21 in Axes
  3180 | D        | Reached XP level 12. HP: 129/129 MP: 11/11
  3181 | D        | Received a gift from Trog
  3191 | D        | Found Hext's Distillery.
  3198 | D        | Found Omigeraf's Jewellery Boutique.
  3203 | D        | Found Goakeguu's Book Shop.
  3215 | D        | Received a gift from Trog
  3239 | D        | Received a gift from Trog
  3421 | D        | Bought the ring "Reummong" {Str+6 Stlth+} for 458 gold
                  | pieces
  3426 | D        | Bought a potion of curing for 36 gold pieces
  3426 | D        | Bought a potion of heal wounds for 60 gold pieces
  3426 | D        | Bought a potion of curing for 36 gold pieces
  3426 | D        | Bought a potion of heal wounds for 60 gold pieces
  3444 | D        | Bought a scroll labelled ANOLENTYQE for 26 gold pieces
  3481 | D        | Noticed Sonja
  3501 | D        | HP: 6/130 [Sonja/+2 short sword of distortion (3)]
  3513 | D        | HP: 2/130 [Sonja/+2 short sword of distortion (5)]
  3513 | D        | Slain by Sonja

Illustrated notes

Levels and vault maps discovered:
D:        linesprint [early_d, line_temple, items_1, d_10, items_2, lair_1,
          lair_end, items_3, orc_1, orc_end, items_4, d_15, swamp_1, shoals_1,
          snake_1, spider_1, d_20, vaults_1, items_5, swamp_end, shoals_end,
          snake_end, spider_end, vaults_end, d_27, items_6, zot_1, zot_end,
          crypt_end, forest_end, elf_end, slime_end, tomb_end, abyss_end,
          pan_hell_end]

Skill      XL: |  1  2  3  4  5  6  7  8  9 10 11 12 |
---------------+-------------------------------------+-----
Fighting       | 5 6 7 8 9 11 13 14 16 18 19 | 19.6
Armour         | 5 6 8 9 11 12 13 16 18 | 18.5
Shields        | 5 6 7 8 10 11 13 | 13.6
Axes           | 4 5 6 8 10 13 15 17 18 21 | 21.5
Dodging        | 1 2 3 4 5 |  5.1
Stealth        | 1 4 5 |  5.3

Action                   |  1- 3 |  4- 6 |  7- 9 | 10-12 || total
-------------------------+-------+-------+-------+-------++-------
Melee: War axe           |    12 |    11 |    65 |   254 ||   342
       Headbutt          |       |     1 |    18 |    44 ||    63
       Broad axe         |       |       |       |     3 ||     3
Invok: Berserk           |       |       |     1 |     4 ||     5
       Trog's Hand       |       |       |     1 |     2 ||     3
       Brothers in Arms  |       |       |       |     3 ||     3
  Use: Potion            |     1 |     1 |     6 |    11 ||    19
       Scroll            |       |       |     4 |     4 ||     8
 Stab: Invisible         |       |       |     2 |       ||     2
Armor: Scale mail        |     3 |       |       |       ||     3
       Chain mail        |       |     5 |    33 |    51 ||    89
       Plate armour      |       |       |       |    46 ||    46
       Skin              |       |       |       |     1 ||     1
Dodge: Dodged            |     6 |     2 |    37 |    72 ||   117
Block: Buckler           |     1 |     1 |    14 |    44 ||    60

Table legend: (Time is in decaauts)
 A = Elapsed time spent in this place.
 B = Non-inter-level travel time spent in this place.
 C = Inter-level travel time spent in this place.
 D = Time resting spent in this place.
 E = Time spent auto-exploring this place.
 F = Levels seen in this place.
 G = Mean time per level.
                   A        B        C        D        E       F      G
               +--------+--------+--------+--------+--------+-----+--------+
         Total |   3470 |   3470 |      0 |   2572 |      3 |   1 | 3470.0 |
       Dungeon |   3470 |   3470 |      0 |   2572 |      3 |   1 | 3470.0 |
               +--------+--------+--------+--------+--------+-----+--------+

Top non-repeatable levels by time:
       D: 3470 daAuts
